[Event "Chinese League Div-A Rapid 2022"]
[Site "Fuling,Chongqing"]
[Date "2022.09.12"]
[Round "6.3"]
[White "Xiao, Tong"]
[Black "Lou, Yiping"]
[Result "1/2-1/2"]
[ECO "C67"]
[WhiteElo "2027"]
[BlackElo "2485"]
[Annotator "TA"]
[PlyCount "51"]
[EventDate "2022.09.07"]
[EventType "team-tourn"]
[EventCountry "CHN"]
[SourceTitle "playchess.com"]
[Source "ChessBase"]
[SourceQuality "1"]
[TimeControl "1500+10"]

1. e4 e5 2. Nf3 Nc6 3. Bb5 Nf6 4. O-O Nxe4 5. Re1 Nd6 6. Nxe5 Nxe5 7. Rxe5+ Be7 8. Bf1 O-O 9. d4 Bf6 10. Re1 {[%emt 0:00:03] The position is equal.} Re8 {[%emt 0:00:09] C67: Ruy Lopez: Berlin Defence: 4 0-0 Nxe4.} 11. Rxe8+ Nxe8 12. c3 d5 13. Bd3 g6 14. Bf4 Ng7 15. Nd2 c6 16. Nf3 Bf5 17. Bxf5 Nxf5 18. Qd2 Qd7 19. Re1 Re8 {[%emt 0:00:25] [#]} 20. Be5 $146 ({Predecessor:} 20. Rxe8+ Qxe8 21. g4 Qe4 22. gxf5 Qxf3 23. fxg6 fxg6 24. Qe3 Qxe3 25. Bxe3 Kf7 26. f4 {½-½ (39) Gruenfeld,Y (2432)-Sivuk,V (2579) Israel 2020}) 20... Bxe5 21. Nxe5 Qe7 22. Nd3 Qd8 23. a4 Nd6 24. f3 Re7 25. Rxe7 Qxe7 26. Qe1 {[%emt 0:00:06] Not much happened in this game.  Weighted Error Value: White=0.04 (flawless) /Black=0.02 (flawless)} 1/2-1/2

[Event "Chinese League Div-A Rapid 2022"]
[Site "Fuling,Chongqing"]
[Date "2022.09.12"]
[Round "6.4"]
[White "Ning, Kaiyu"]
[Black "Zhou, Guijue"]
[Result "1-0"]
[ECO "A43"]
[WhiteElo "2374"]
[BlackElo "2225"]
[Annotator "TA"]
[PlyCount "127"]
[EventDate "2022.09.07"]
[EventType "team-tourn"]
[EventCountry "CHN"]
[SourceTitle "playchess.com"]
[Source "ChessBase"]
[SourceQuality "1"]
[TimeControl "1500+10"]

1. d4 c5 2. d5 d6 3. Nc3 g6 4. e4 Bg7 5. Bb5+ Bd7 6. a4 {[%emt 0:00:07] A43: Schmid Benoni.} a6 7. Bd3 {[%emt 0:01:57] [#]} b6 $146 ({Predecessor:} 7... Nf6 8. h3 O-O 9. Nf3 Ne8 10. O-O f5 11. exf5 Bxf5 12. Ng5 Nc7 13. Re1 Nd7 {1-0 (34) Khorshidi,M (2105)-Khanaki,A (1381) Chess.com INT 2021}) 8. h3 {[%emt 0:00:09] White is better.} e5 9. Nf3 Ne7 10. Nd2 O-O 11. Nc4 Nc8 12. O-O Ra7 13. Be3 f5 14. f4 Qe7 (14... b5 $1 $14 15. axb5 axb5 16. Rxa7 bxc4) 15. fxe5 $16 dxe5 16. d6 Qd8 17. Nd5 {[%emt 0:01:13] White is much more active.} (17. a5 $16 b5 18. Nb6 (18. Bxc5 bxc4 19. Bxc4+ Kh8 $11)) 17... Bc6 (17... f4 $14) 18. Nc3 $2 (18. a5 Bxd5 19. axb6 (19. exd5 b5 $17) 19... Nxb6 20. exd5 e4 $15) (18. Nc7 $1 $18 {[%cal Rc7e6] Strongly threatening Ne6.} fxe4 19. Be2 (19. Ne6 Rxf1+ 20. Bxf1 Qf6 $16)) 18... f4 $11 (18... Nxd6 $2 19. Nxd6 f4 20. Bc4+ Kh8 21. Bxc5 $1 bxc5 22. Nf7+ $1 Raxf7 23. Qxd8 Rxd8 24. Bxf7 $18) 19. Bf2 Rd7 (19... Nxd6 $2 20. Nxd6 Rd7 21. Nc4 $18 (21. Bc4+ Kh8 $11)) 20. Qg4 (20. a5 b5 21. Nb6 Nxb6 22. axb6 c4 $15) 20... Kh8 21. Bh4 Qe8 22. Be7 Nxe7 23. dxe7 Rxe7 (23... Qxe7 $5 24. Nxb6 c4 25. Nxc4 (25. Nxd7 Bxd7 26. Qf3 cxd3 $19) 25... Rd4 $11) 24. Nxb6 (24. Nd5 $2 Bxd5 25. exd5 e4 26. Bxe4 b5 27. axb5 (27. Nd6 $2 Qd8 $19) 27... axb5 $19) 24... h5 25. Qh4 Re6 (25... g5 $11 26. Qf2 (26. Qxg5 $2 Bf6 $19) 26... Re6) 26. Bc4 Rd6 27. Nbd5 Bh6 28. Be2 (28. Qf2 $14) 28... Nd7 29. Rad1 $36 {[%emt 0:00:01][%mdl 2048] Nc7 is the strong threat. White fights for an advantage.} Nf6 30. Nb6 $2 {[%emt 0:01:55] [#]} (30. Nxf6 $14 {stays ahead.} Rfxf6 31. b3) 30... Rxd1 (30... Nxe4 $6 31. Nxe4 Rxd1 32. Rxd1 $11) ({Black should try} 30... Rd4 $1 $17 31. Bd3 Qe6) 31. Rxd1 Nxe4 32. Nxe4 Bxe4 {[%emt 0:00:01] This bishop pair is nice.} 33. Nd7 g5 $2 (33... Rf5 $11 {and Black has nothing to worry.} 34. Nxc5 Bg5) 34. Qf2 {[%emt 0:00:03] Hoping for Rd6.} Rf5 35. Nxc5 Bxc2 {[%emt 0:00:02] [#]} (35... Ba8 $16 {was worth a try.}) 36. Bxh5 $1 $18 Qxh5 37. Qxc2 g4 38. Rd8+ (38. Nxa6 $2 gxh3 39. Rd8+ Bf8 $19) 38... Rf8 39. Rxf8+ (39. Rd7 $18 Qf5 40. Qxf5 Rxf5 41. hxg4) 39... Bxf8 {[%emt 0:00:02][%mdl 4096] Endgame KQB-KQN} 40. Ne6 Be7 $2 ({Better is} 40... gxh3 $14 41. Nxf8 f3 42. gxf3 e4 43. Qxe4 (43. Qc3+ Kg8 $16) 43... Qc5+ 44. Kh2 Qxf8 45. Kxh3 Qf7) 41. Qc8+ Kh7 42. hxg4 (42. Qxa6 gxh3 43. Qb7 h2+ 44. Kh1 Qd1+ 45. Kxh2 Qh5+ 46. Kg1 Qd1+ 47. Kf2 (47. Kh2 Qh5+ 48. Kg1 Qd1+ 49. Kh2 $11) 47... Qd6 48. Qe4+ Kh6 $11) 42... Qh4 43. Qc2+ ({Not} 43. Qxa6 Qe1+ 44. Qf1 Qe3+ 45. Qf2 Qc1+ 46. Qf1 Qe3+ 47. Kh2 Qb3 48. Qb1+ Kh8 $11) (43. Qc3 $6 Bf6 $16) 43... Kh6 44. Qe2 Bf6 (44... Bd6 $142 45. g5+ (45. Qxa6 f3 $11) 45... Kg6) 45. g5+ ({Worse is} 45. Qxa6 Qxg4 46. Nf8 Qd1+ 47. Kh2 Qh5+ 48. Kg1 Qd1+ 49. Kh2 Qh5+ 50. Kg1 Qd1+ $11) (45. a5 $18) 45... Bxg5 $16 46. Qxe5 $2 (46. Nxg5 $18 Qxg5 47. Qxa6+ Kg7 48. Qb7+ Kg6 49. Qc6+ Kf5 50. Qc8+ Ke4 51. a5) 46... Bf6 $11 47. Qxf4+ Qxf4 48. Nxf4 Bxb2 {[%emt 0:00:01] KB-KN} 49. Kf2 a5 $2 (49... Kg5 $11 50. Kf3 Ba3) 50. Kf3 Kg5 51. g4 $2 (51. Ke4 $18 Kg4 52. Ne2) 51... Bc3 52. Nh3+ Kh4 53. Nf2 {[%emt 0:00:02] aiming for Kf4.} Bd2 (53... Bd4 $11) 54. Ne4 $18 {[%emt 0:00:15] White is clearly winning.} Bc1 55. Nd6 Bd2 56. Nc4 Bc3 57. Kf4 Bb4 58. Kf5 Bc3 59. Nd6 Bd2 60. Ne4 Bc1 61. g5 Bb2 62. Nf6 Bc1 63. g6 Bh6 64. Ne8 {[%emt 0:00:04] Weighted Error Value: White=0.38/Black=0.32} 1-0

[Event "Chinese League Div-A Rapid 2022"]
[Site "Fuling,Chongqing"]
[Date "2022.09.12"]
[Round "6.5"]
[White "Ni, Shiqun"]
[Black "Zhao, Shengxin"]
[Result "1/2-1/2"]
[ECO "D46"]
[WhiteElo "2371"]
[BlackElo "2112"]
[Annotator "TA"]
[PlyCount "44"]
[EventDate "2022.09.07"]
[EventType "team-tourn"]
[EventCountry "CHN"]
[SourceTitle "playchess.com"]
[Source "ChessBase"]
[SourceQuality "1"]
[TimeControl "1500+10"]

1. d4 d5 2. c4 c6 3. Nf3 Nf6 4. Nc3 e6 5. e3 Nbd7 6. Qc2 Bd6 7. Bd3 O-O 8. O-O dxc4 9. Bxc4 b5 10. Bd3 Bb7 11. e4 e5 12. h3 {[%emt 0:01:01] D46: Semi-Slav: 5 e3 Nbd7 6 Bd3, Black avoids the Meran.} a6 13. dxe5 Nxe5 14. Nxe5 Bxe5 15. Be3 Bd4 (15... Re8 $11 {feels stronger.}) 16. Bxd4 {[%emt 0:08:08] [#] Black got outplayed after the opening.  Weighted Error Value: White=0.02 (flawless) /Black=0.18 (very precise)} {Predecessor:} Qxd4 $146 17. Rad1 Qc5 18. Kh1 Qh5 19. a4 Rfe8 20. Rfe1 Rac8 21. b3 g6 22. Bf1 Qe5 {1-0 (39) Simantsev,M (2398)-Vatsal,S (2371) Paracin 2021} 1/2-1/2

[Event "Chinese League Div-A Rapid 2022"]
[Site "Fuling,Chongqing"]
[Date "2022.09.12"]
[Round "6.6"]
[White "Wan, Yunguo"]
[Black "Huang, Renjie"]
[Result "1/2-1/2"]
[ECO "B33"]
[WhiteElo "2508"]
[BlackElo "2446"]
[Annotator "TA"]
[PlyCount "84"]
[EventDate "2022.09.07"]
[EventType "team-tourn"]
[EventCountry "CHN"]
[SourceTitle "playchess.com"]
[Source "ChessBase"]
[SourceQuality "1"]
[TimeControl "1500+10"]

1. e4 c5 2. Nf3 Nc6 3. d4 cxd4 4. Nxd4 Nf6 5. Nc3 e6 6. Ndb5 d6 7. Bf4 e5 8. Bg5 a6 9. Na3 b5 10. Nd5 Be7 11. Bxf6 Bxf6 12. c4 b4 {[%emt 0:00:01] B33: Sicilian: Pelikan and Sveshnikov Variations.} 13. Nc2 O-O 14. g3 a5 15. Bg2 g6 16. O-O {[%emt 0:01:04] 16.Qd3 is setting a new trend.} Bg7 17. Qd3 Be6 18. Rad1 Rb8 19. b3 Qd7 20. f4 f5 (20... Nd4 $11) 21. Kh1 {[%emt 0:00:53] [#] White is more active.} (21. Nde3 $16) 21... Kh8 $146 (21... fxe4 $11 22. Bxe4 Bh3) ({Predecessor:} 21... fxe4 22. Bxe4 Nd4 23. Nxd4 exd4 24. f5 gxf5 25. Bxf5 Be5 26. Qe4 Kh8 27. Bxe6 Qxe6 28. Kg2 Qh6 {½-½ (125) Orujov,F (1481)-Boykov,P (1636) Tornelo INT 2020}) 22. Nde3 $14 {[%emt 0:01:55] aiming for exf5. Pair of Knights!} Rbd8 23. exf5 gxf5 24. fxe5 Nxe5 25. Qe2 (25. Qd2 $1 $14) 25... Ng6 $11 26. Nd5 {[%emt 0:03:46] Against f4} Bxd5 (26... Rde8 $5 27. Qd2 Bxd5 28. Qxd5 (28. Bxd5 f4 $11) 28... f4 $14) 27. Rxd5 f4 28. Qh5 fxg3 29. hxg3 Be5 30. Rxf8+ Rxf8 31. Rb5 (31. Be4 $1 $11 {remains equal.} Rf1+ 32. Kg2) 31... Bxg3 $17 32. Ne3 $2 {[%emt 0:03:03] [#]} (32. Rb7 $17 {is a better defense.} Rf1+ 33. Bxf1 Qxb7+ 34. Bg2) 32... Qg7 $2 ({Black should try} 32... Qe6 $1 $19 33. Rb7 Ne7) 33. Rb7 $15 Ne7 {[%emt 0:01:03] Hoping for ...Bf2.} 34. Be4 Bf2 ({Black should play} 34... Bf4 $17 35. Qxh7+ Qxh7+ 36. Bxh7 Bg5) 35. Qxh7+ $1 $11 {[%emt 0:02:12] The position is equal.} Qxh7+ 36. Bxh7 Bxe3 37. Rxe7 {[%emt 0:00:06][%mdl 4096] Endgame KRB-KRB} Bc5 {[%emt 0:00:02] With the idea ...Rf1+.} 38. Bd3 {[%emt 0:00:18][%cal Bh7d3,Bd3e2,Be2f3,Bf3c6][%mdl 32] Inhibits Rf1+.} Rf2 39. Re2 Rxe2 40. Bxe2 Kg7 41. Bf3 Kf6 42. Bc6 Ke5 {[%emt 0:00:18] Weighted Error Value: White=0.23 (precise) /Black=0.22 (precise)} 1/2-1/2

[Event "Chinese League Div-A Rapid 2022"]
[Site "Fuling,Chongqing"]
[Date "2022.09.12"]
[Round "6.7"]
[White "Nie, Xinyang"]
[Black "Zhao, Jun"]
[Result "1/2-1/2"]
[ECO "D55"]
[WhiteElo "2388"]
[BlackElo "2619"]
[Annotator "TA"]
[PlyCount "59"]
[EventDate "2022.09.07"]
[EventType "team-tourn"]
[EventCountry "CHN"]
[SourceTitle "playchess.com"]
[Source "ChessBase"]
[SourceQuality "1"]
[TimeControl "1500+10"]

1. d4 d5 2. c4 e6 3. Nc3 Be7 4. Nf3 Nf6 5. Bg5 O-O 6. e3 h6 7. Bxf6 Bxf6 8. Rc1 dxc4 9. Bxc4 Nd7 10. O-O c5 11. Ne4 {[%emt 0:02:44] The position is equal.} cxd4 {[%emt 0:00:13] D55: Queen's Gambit Declined: 4 Bg5 Be7: Lines without ...h6 and 6...h6 7 Bxf6.} 12. Nxf6+ Nxf6 13. Nxd4 Qb6 14. Qb3 Qxb3 15. Bxb3 Bd7 16. Rc7 Rab8 17. Rfc1 Rfd8 {[%emt 0:00:06] [#]} 18. Nf3 $146 ({Predecessor:} 18. f4 Ne8 19. R7c2 Nd6 20. Rc7 Ne8 21. R7c2 Nd6 22. Rc7 Ne8 {½-½ (22) Radjabov,T (2763)-Nakamura,H (2736) chess24.com INT 2021}) 18... Rdc8 19. h3 Ne8 20. Rxc8 Rxc8 21. Rd1 Nf6 22. Ne5 Be8 23. f3 Kf8 24. e4 Ke7 25. Kf2 a5 {[%emt 0:01:42] Black wants to play ...a4.} 26. Rd2 b5 27. a3 Nd7 28. Nxd7 Bxd7 29. Rc2 Rxc2+ 30. Bxc2 {[%emt 0:00:20] A rather calm draw.  Weighted Error Value: White=0.03 (flawless) /Black=0.02 (flawless)} 1/2-1/2

[Event "Chinese League Div-A Rapid 2022"]
[Site "Fuling,Chongqing"]
[Date "2022.09.12"]
[Round "6.8"]
[White "Zhang, Pengxiang"]
[Black "Liu, Qingnan"]
[Result "1/2-1/2"]
[ECO "C42"]
[WhiteElo "2564"]
[BlackElo "2542"]
[Annotator "TA"]
[PlyCount "141"]
[EventDate "2022.09.07"]
[EventType "team-tourn"]
[EventCountry "CHN"]
[SourceTitle "playchess.com"]
[Source "ChessBase"]
[SourceQuality "1"]
[TimeControl "1500+10"]

1. e4 e5 2. Nf3 Nf6 3. Nxe5 d6 4. Nf3 Nxe4 5. d4 d5 6. Bd3 Bd6 7. O-O O-O 8. c4 c6 9. Qc2 Na6 10. a3 f5 11. Nc3 Nc7 12. b4 $1 {[%emt 0:00:02][%mdl 4] is recently more successful than 12.c5. C42: Petroff Defence: 3 Nxe5 and unusual White 3rd moves.} Kh8 13. c5 Be7 14. Ne2 {[%emt 0:00:03] White is slightly better.} Ne6 15. Ne5 {[%emt 0:00:12] [#]} a5 $146 ({Predecessor:} 15... Bf6 16. Bb2 Qc7 17. f3 N4g5 18. h4 Nf7 19. f4 Nh6 20. g3 Bd7 21. Kg2 Rae8 {½-½ (31) Khairullin,I (2543)-Frolyanov,D (2498) Yerevan 2006}) 16. f3 {[%emt 0:03:34] [#]} (16. Qb2 $14) 16... axb4 $1 $15 17. Be3 {[%emt 0:03:03] [#]} Rxa3 $1 18. Rxa3 (18. fxe4 $2 Rxa1 19. Rxa1 fxe4 20. Bxe4 dxe4 21. Qxe4 Nc7 $17) 18... bxa3 19. fxe4 fxe4 20. Nf7+ {[%emt 0:00:07] [#]} Rxf7 $1 21. Rxf7 exd3 22. Qxd3 Bf6 23. Qxa3 Kg8 24. Rxf6 Qxf6 25. Qa8 Qd8 26. Bf2 Kf7 27. Bg3 Qe8 28. h3 Ng5 29. Be5 Ne4 30. Qb8 Qd8 31. Nf4 Qd7 32. Nd3 h6 33. Kh2 Kg8 34. Nb2 Nc3 {[%emt 0:00:33] Inhibits Na4.} 35. Nd3 Kh7 36. Nf4 Ne4 37. Nd3 Qf5 38. Qc7 Qd7 39. Qb8 Qf5 40. Qc7 Qd7 41. Qa5 Qe7 42. Qa8 Bf5 43. Qb8 Ng5 ({Black should play} 43... Nd2 $17 44. Nf4 Qf7) 44. Nf4 $11 Nf7 45. Bc7 Qf6 46. Qxb7 Be4 47. Bb8 Kg8 48. Qd7 Bf5 49. Qe8+ Kh7 50. Bc7 g6 51. Be5 Nxe5 52. dxe5 {[%emt 0:00:01][%mdl 4096] Endgame KQB-KQN} Qg7 53. e6 g5 54. Ne2 ({Much weaker is} 54. Qf7 Qxf7 55. exf7 Kg7 $17) 54... Qe5+ 55. Ng3 Qxe6 56. Qb8 Bg6 57. Qc7+ Kg8 58. Nf1 {[%emt 0:00:13] [#]} (58. Qb6 $15) 58... Bd3 (58... Qf6 $1 $17 59. Nd2 Bh5) 59. Nd2 {[%emt 0:00:04] The position is equal.} Qf6 60. Nf3 Be4 61. Qc8+ Kg7 62. Qd7+ Kg8 63. Qe8+ Kg7 {[%emt 0:00:05] Hoping for ...Qf4+.} 64. Qd7+ Kg8 {[%emt 0:00:11] Strongly threatening ...Qf4+.} 65. Qe8+ Kg7 66. Qd7+ Kf8 67. Qc8+ Kg7 {[%emt 0:00:19] Threatens to win with ...Qf4+.} 68. Qd7+ Kg8 {[%emt 0:00:18] White must now prevent ...Qf4+.} 69. Qe8+ Kh7 {[%emt 0:00:16] ...Qf4+ is the strong threat.} 70. Qd7+ Kg8 {[%emt 0:00:08] aiming for ...Qf4+.} 71. Qe8+ {[%emt 0:00:01] Weighted Error Value: White=0.10 (very precise) /Black=0.10 (very precise)} 1/2-1/2

[Event "Chinese League Div-A Rapid 2022"]
[Site "Fuling,Chongqing"]
[Date "2022.09.12"]
[Round "6.9"]
[White "Liu, Manli"]
[Black "Zhang, Lanlin"]
[Result "0-1"]
[ECO "B53"]
[WhiteElo "2195"]
[BlackElo "2135"]
[Annotator "NA RC"]
[PlyCount "100"]
[EventDate "2022.09.07"]
[EventType "team-tourn"]
[EventCountry "CHN"]
[SourceTitle "playchess.com"]
[Source "ChessBase"]
[SourceQuality "1"]
[TimeControl "1500+10"]

1. e4 c5 2. Nf3 d6 3. d4 cxd4 4. Qxd4 Nf6 5. Nc3 Nc6 6. Qe3 g6 7. h3 Bg7 8. Be2 d5 9. Nxd5 Nxd5 10. exd5 Qxd5 11. O-O O-O 12. Rd1 Qa5 13. Bd2 Qc7 14. Bc3 e5 15. b4 Bf5 16. b5 Nd4 17. Nxd4 exd4 18. Bxd4 Rfe8 19. Qf3 Bxd4 20. Rxd4 Qe5 21. Qe3 Qg7 22. Qf4 Rxe2 23. Rad1 Qe5 24. Qxe5 Rxe5 25. c4 Rc8 26. Rd8+ Rxd8 27. Rxd8+ Kg7 28. Ra8 Be6 29. Rxa7 Bxc4 30. a4 b6 31. h4 Bb3 32. f3 Rc5 33. Ra6 Rc4 34. Rxb6 Bxa4 35. Rb8 h5 36. b6 Rb4 37. Kf2 Bc6 38. Kg3 Kf6 39. Kf2 Rxh4 40. Rc8 Bd5 41. Rd8 Ke6 42. Re8+ Kd7 43. Re5 Kd6 44. Re8 Rb4 45. Rd8+ Kc6 46. Kg3 Rxb6 47. Kf4 Rb2 48. g4 hxg4 49. fxg4 Rb4+ 50. Ke5 Re4+ 0-1

[Event "Chinese League Div-A Rapid 2022"]
[Site "Fuling,Chongqing"]
[Date "2022.09.12"]
[Round "6.10"]
[White "Hu, Yu A."]
[Black "Yang, Yijing"]
[Result "1-0"]
[ECO "C18"]
[WhiteElo "2074"]
[BlackElo "2022"]
[Annotator "NA RC"]
[PlyCount "143"]
[EventDate "2022.09.07"]
[EventType "team-tourn"]
[EventCountry "CHN"]
[SourceTitle "playchess.com"]
[Source "ChessBase"]
[SourceQuality "1"]
[TimeControl "1500+10"]

1. e4 e6 2. d4 d5 3. Nc3 Bb4 4. e5 c5 5. a3 Bxc3+ 6. bxc3 Qa5 7. Bd2 Qa4 8. h4 Ne7 9. h5 cxd4 10. Rb1 Bd7 11. cxd4 Qxd4 12. Nf3 Qe4+ $16 13. Be2 Nf5 14. O-O Nc6 15. Rxb7 Nfd4 16. Nxd4 Qxd4 17. Re1 Bc8 18. Rb3 O-O 19. Qc1 Qxe5 20. Bf4 Qd4 21. Rg3 Ne7 22. Bd6 Re8 23. Bb5 Nf5 24. Rd3 Qf6 25. Be5 Qe7 26. Bxe8 Qxe8 27. Qg5 h6 28. Qg4 Qf8 29. Qb4 Ba6 30. Qxf8+ Rxf8 31. Rb3 Rc8 32. Rb8 Kh7 33. Rxc8 Bxc8 34. Rb1 f6 35. Bb8 a6 36. c3 e5 37. Kf1 Bd7 38. Rb7 Bb5+ 39. Ke1 d4 40. cxd4 Nxd4 41. Bd6 Kg8 42. Rc7 Nf5 43. Bc5 Nd4 44. Bxd4 exd4 45. Kd2 Kf8 46. Rc1 Kf7 47. Ra1 Ke6 48. a4 Bc6 49. f3 Kd5 50. Kd3 Bd7 51. g4 f5 52. gxf5 Bxf5+ 53. Kd2 g6 54. hxg6 Bxg6 55. Rh1 h5 56. Rg1 Be8 57. a5 Kc4 58. Rg5 h4 59. Rg8 Bd7 60. Rg7 Bf5 61. Rf7 Be6 62. Rf6 Kd5 63. Rh6 h3 64. Rh5+ Kc4 65. f4 Bg4 66. Rh4 Bf5 67. Rh6 Kb4 68. Rxa6 Kb5 69. Rh6 Bg4 70. a6 h2 71. a7 Bf3 72. Rxh2 1-0

[Event "Chinese League Div-A Rapid 2022"]
[Site "Fuling,Chongqing"]
[Date "2022.09.12"]
[Round "6.11"]
[White "Xu, Zhihang"]
[Black "Zhao, Yuanhe"]
[Result "1-0"]
[ECO "D94"]
[WhiteElo "2489"]
[BlackElo "2440"]
[Annotator "TA"]
[PlyCount "79"]
[EventDate "2022.09.07"]
[EventType "team-tourn"]
[EventCountry "CHN"]
[SourceTitle "playchess.com"]
[Source "ChessBase"]
[SourceQuality "1"]
[TimeControl "1500+10"]

1. d4 d5 2. c4 c6 3. Nf3 Nf6 4. e3 g6 5. Nc3 Bg7 6. Be2 O-O 7. O-O e6 8. b3 {[%emt 0:00:11] 8.b4 is a critical line.} b6 {[%emt 0:00:02][%cal Bb7b6,Bb6b5][%mdl 32] D94: Grünfeld: 4 Nf3 Bg7 5 e3.} 9. Ba3 Re8 $1 10. Rc1 Bb7 {[%emt 0:00:02] The position is equal.} 11. Ne5 Ne4 12. Nxe4 dxe4 13. c5 b5 $1 {[%emt 0:00:30] Against Nc4} ({But not} 13... Nd7 14. Nc4 $14) 14. f3 f6 15. Ng4 f5 {[%emt 0:00:10] [#] Threatens to win with ...exf3.} 16. Ne5 $146 ({Predecessor:} 16. Nf2 exf3 17. Bxf3 e5 18. Bb2 e4 19. Be2 Nd7 20. a4 a6 21. Qd2 Nf6 22. Nh3 {0-1 (37) Grossi,K-Palladino,M (2068) ICCF email 2009}) 16... Nd7 17. Bb2 Nxe5 18. dxe5 exf3 19. Bxf3 Qe7 20. Qc2 Qc7 21. Qc3 a5 22. a3 {[%emt 0:00:25] Against b4} a4 23. Rfd1 Bf8 24. b4 Rad8 {[%emt 0:00:50] Prevents Rd6.} (24... Qf7 $142) 25. Rd6 $1 $16 Qc8 {[%emt 0:00:07] [#]} (25... h6 $16 26. Rcd1 Kh7) 26. h4 Bxd6 27. cxd6 ({White should try} 27. exd6 $16 e5 28. g3) 27... Qd7 $11 28. Qd4 {[%emt 0:00:35][%mdl 1024] White has compensation.} Rc8 {[%emt 0:00:17] [#]} (28... Rf8 $11 {remains equal.}) 29. Rc5 $1 $16 {[%emt 0:00:07] White is much more active. The black rooks are badly placed.} Red8 30. Bc1 h6 (30... Qf7 $16 {might work better.}) 31. e4 $18 Kh7 (31... Qg7 {was necessary.} 32. Qd2 Kh7) 32. h5 {[%emt 0:01:45] Black must now prevent hxg6+.} g5 (32... Rg8 33. hxg6+ Rxg6) 33. exf5 exf5 34. g4 {[%emt 0:02:01] Strongly threatening gxf5.} f4 35. Qe4+ (35. e6 $142 Qg7 36. Qe4+ Kg8 37. d7 Qh7 38. dxc8=R Bxc8 39. Qxh7+ Kxh7 40. Rxc6 Bxe6 41. Rxe6) 35... Kg8 36. e6 Qg7 37. d7 {[%emt 0:00:31] White mates.} Rc7 38. Bd2 Rcxd7 39. exd7 Qxd7 40. Bc3 {[%emt 0:00:11] Weighted Error Value: White=0.12 (very precise) /Black=0.62} 1-0

[Event "Chinese League Div-A Rapid 2022"]
[Site "Fuling,Chongqing"]
[Date "2022.09.12"]
[Round "6.12"]
[White "Ma, Qun"]
[Black "Li, Di"]
[Result "1/2-1/2"]
[ECO "C81"]
[WhiteElo "2666"]
[BlackElo "2575"]
[Annotator "TA"]
[PlyCount "72"]
[EventDate "2022.09.07"]
[EventType "team-tourn"]
[EventCountry "CHN"]
[SourceTitle "playchess.com"]
[Source "ChessBase"]
[SourceQuality "1"]
[TimeControl "1500+10"]

1. e4 e5 2. Nf3 Nc6 3. Bb5 a6 4. Ba4 Nf6 5. O-O Nxe4 6. d4 b5 7. Bb3 d5 8. dxe5 Be6 9. Qe2 Be7 10. Rd1 O-O 11. c4 bxc4 12. Bxc4 Bc5 13. Be3 Bxe3 14. Qxe3 Qb8 15. Bb3 $1 Na5 {[%emt 0:00:53] C81: Open Ruy Lopez: Keres Variation (9 Qe2).} 16. Nd4 c5 {[%emt 0:00:33] The position is equal.} 17. Nxe6 fxe6 18. f3 c4 (18... Qxe5 $2 19. fxe4 Qxb2 20. Nd2 $18) (18... Nxb3 $2 19. axb3 Ng5 20. Qxg5 $18) 19. fxe4 {[%emt 0:00:04] [#] Black must now prevent Ba4.} cxb3 20. exd5 bxa2 ({Don't play} 20... Nc4 21. Qd4 Qa7 22. Qxa7 (22. axb3 Ne3 $14) 22... Rxa7 23. axb3 $14) 21. Rxa2 Nc4 22. Qd4 Qb3 23. Nc3 Rac8 24. Rb1 Ne3 {[%emt 0:03:04][%cal Oc8c3] Hoping for ...Rxc3!} 25. Qxe3 Rxc3 $1 {[%emt 0:00:05][%mdl 64] [#] Remove Defender} 26. Qxc3 Qxa2 $11 {[%emt 0:00:04][%mdl 4096] Endgame KQR-KQR} 27. Rd1 {[%emt 0:00:00] Strongly threatening d6.} exd5 28. h3 Qc4 29. Qa5 d4 30. Qb6 d3 {[%emt 0:02:54] [#]} 31. Qd6 $146 ({Predecessor:} 31. e6 Re8 32. e7 d2 33. Qe3 Qf7 34. Rxd2 Qxe7 35. Qb3+ Qe6 36. Qb4 Qe1+ 37. Kh2 {½-½ (49) Siva,M (2349)-Savanovic,A (2410) Chess.com INT 2020}) 31... Re8 32. b4 Qe4 33. Qxd3 Qxd3 34. Rxd3 Rxe5 35. Rd6 Rb5 36. Rxa6 Rxb4 {[%emt 0:00:02] A balanced but interesting game.  Weighted Error Value: White=0.01 (flawless) /Black=0.02 (flawless)} 1/2-1/2

[Event "Chinese League Div-A Rapid 2022"]
[Site "Fuling,Chongqing"]
[Date "2022.09.12"]
[Round "6.13"]
[White "Bai, Jinshi"]
[Black "Xu, Xiangyu"]
[Result "1/2-1/2"]
[ECO "D41"]
[WhiteElo "2586"]
[BlackElo "2571"]
[Annotator "TA"]
[PlyCount "52"]
[EventDate "2022.09.07"]
[EventType "team-tourn"]
[EventCountry "CHN"]
[SourceTitle "playchess.com"]
[Source "ChessBase"]
[SourceQuality "1"]
[TimeControl "1500+10"]

1. d4 d5 2. c4 e6 3. Nf3 Nf6 4. Nc3 c5 5. cxd5 cxd4 6. Qxd4 exd5 7. e4 {[%emt 0:00:40][%cal Re4d5] D41: Queen's Gambit Declined: Semi-Tarrasch with 5 cxd5.} dxe4 8. Qxd8+ Kxd8 9. Ng5 {[%emt 0:00:02][%csl LRe4,LRf7] White has an edge.} Be6 10. Nxe6+ fxe6 11. Bg5 Nc6 {[%emt 0:00:18] 11...h6 is the recent fashion.} 12. O-O-O+ Ke8 13. Bb5 Rc8 14. Kb1 {[%emt 0:00:14] The position is equal.} Bb4 15. Bxf6 gxf6 16. Nxe4 f5 {[%emt 0:01:56] [#]} 17. a3 $146 {[%emt 0:00:55] [#] Threatens to win with Ng5.} ({Predecessor:} 17. Ng5 Ke7 18. a3 Ba5 19. f4 h6 20. Nf3 Rhd8 21. Rxd8 Nxd8 22. Rd1 Rc7 23. Ne5 {1-0 (66) Carlsen,M (2847)-Vidit,S (2726) chess24.com INT 2021}) 17... fxe4 18. axb4 Rf8 19. Rhe1 Rxf2 20. Rxe4 Ke7 21. Rde1 (21. Rh4 {with more complications.} h5 22. Rxh5 Nxb4 23. Rh4) 21... e5 22. Bxc6 Rxc6 23. Rxe5+ Kf6 24. R5e2 Rf4 25. Re4 Rf2 26. R4e2 Rf4 {[%emt 0:00:21] An even fight not without its subleties.  Weighted Error Value: White=0.02 (flawless) /Black=0.01 (flawless)} 1/2-1/2